 Dungeon Crawl Stone Soup version 0.01-2115-ge649c80b0b (webtiles) character file.

Game seed: 11320176675369342708, levelgen mode: deterministic

2933 Lanoc the Fighter (level 9, -8/94 HPs) Blood Draconian Demigod. Began on June 5, 2020. Killed from afar by an orc warrior (10 damage) ... with an iceblast ... on level 4 of the Dungeon. The game lasted 00:12:06 (3095 turns).

Lanoc the Fighter (Blood Draconian Demigod)         Turns: 3095, Time: 00:12:06

Health: -8/94      AC:  8    Str: 17    XL:     9 ^: 1338
Magic:  14/14      EV: 17    Int: 15    God:
Gold:   202        SH:  5    Dex: 19    Spells: 12/13 levels left

rFire    . . .     Vision   .   a - +0 long sword
rCold    . . .     Gourm    .   m - +0 buckler
rNeg     . . .     Faith    .   (armour unavailable)
rPois    .         Spirit   .   (helmet restricted)
rElec    .         Reflect  .   (no cloak)
rCorr    .         Harm     .   (no gloves)
MR       .....                  (no boots)
Stlth    ++........             (no amulet)
HPRegen  0.41/turn              (no ring)
MPRegen  0.24/turn              (no ring)

@: short of breath
A: no body armour, unfitting armour, high mp 1, cold-blooded, necromancy, hexes
and air enhancers 1, rTorm, rHellfire, AC +8
a: Breathe Vampiric Fog


You were on level 4 of the Dungeon.
You were hungry.

You visited 1 branch of the dungeon, and saw 4 of its levels.

You collected 202 gold pieces.

Inventory:

Weapons
 a - a +0 long sword (weapon) Shields
 m - a +0 buckler (shield)
Scrolls
 d - 2 scrolls of enchantment
 e - a scroll of teleportation
 f - a scroll of magic mapping
 i - a scroll of immolation
 p - a scroll of blinking
Potions
 b - a potion of magic
 g - 4 potions of curing
 h - 3 potions of heal wounds
 j - a potion of brilliance
 k - 2 potions of invisibility
 l - 2 potions of lignification
 n - a potion of might
 o - 2 potions of mutation
 q - a potion of cancellation
 r - a potion of haste
Comestibles
 c - 6 rations
 s - a chunk of flesh


   Skills:
 + Level 10.4 Fighting
 - Level 1.5 Long Blades
 + Level 7.6 Dodging
 - Level 1.3 Stealth
 - Level 2.6 Spellcasting


You had 12 spell levels left.
You knew the following spells:

 Your Spells              Type           Power        Failure   Level  Hunger
a - Flame Tongue          Fire           2 (40)       34%         1    #......

Your spell library contained the following spells:

 Spells                   Type           Power        Failure   Level  Hunger
 Blink                    Tloc           N/A          45%         2    ##.....
 Call Imp                 Summ           2 (100)      45%         2    ##.....
 Slow                     Hex            3 (100)      45%         2    ##.....
 Conjure Flame            Fire           2 (100)      71%         3    ###....
 Mephitic Cloud           Pois/Air       3 (100)      71%         3    ###....


Dungeon Overview and Level Annotations

Branches:
Dungeon (4/8)              Temple (0/1) D:4

Annotations:
D:4 Killmatronix's ghost, novice DEGl


Innate Abilities, Weirdness & Mutations

You cannot fit into any form of body armour.
Your gory crimson scales are hard. (AC +8)
You can breathe clouds of vampiric fog.
You have an increased reservoir of magic. (+10% MP)
You are cold-blooded and may be slowed by cold attacks.
You are in touch with the powers of death, curses and the sky.
Your gory crimson scales grant partial resistance to hellfire and unholy torment. (rTorm, rHellfire)


Message History

The phantom blinks!
The orc wizard mumbles some strange words.
The orc wizard flickers and vanishes!
Deactivating autopickup; reactivate with Ctrl-A.
The orc warrior zaps a wand.
The mass of ice explodes!
The iceblast engulfs you (17)!
You hear a shout!
You have got your breath back.
The orc warrior zaps a wand.
The mass of ice explodes!
The iceblast engulfs you (13)!
* * * LOW HITPOINT WARNING * * *
Breath at?
Press: ? - help, Shift-Dir - straight line, p - orc warrior You exhale a mighty wave of vampiric fog!
You feel somewhat more hungry.
The orc warrior zaps a wand.
The mass of ice explodes!
The iceblast engulfs you (16)!
* * * LOW HITPOINT WARNING * * *
The orc warrior zaps a wand.
The mass of ice explodes!
The iceblast engulfs you (10)!
You die...

#.....#...#.....
##....#.<[#.....
.#'########.....
...............##+###
...............#....#
...............#....#
...............+....#
...............#....#
......##'#######@...#
.######........#....#
.#.............#.☼..#
##.............#☼☼☼.+
........<....##☼☼☼.#
#...##.......##☼☼☼☼#
#...####'######o{..#
#.. #..............#
#..............#


You could see an orc warrior.

Vanquished Creatures
  Sigmund (D:2)
  Purgy (D:2)
  5 porcupines
  A black bear (D:3)
  An ice beast (D:4)
  An ogre (D:3)
  A sky beast (D:4)
  8 big kobolds (D:2)
  A bullfrog (D:2)
  2 howler monkeys (D:4)
  4 jellies (D:2)
  2 hounds (D:3)
  3 orc wizards
  3 iguanas (D:3)
  2 worker ants (D:3)
  A bullfrog zombie (D:4)
  2 bullfrog skeletons (D:4)
  9 adders
  37 sewer rats (D:2)
  A white imp (D:3)
  11 cinder newts
  5 worms (D:2)
  4 oozes
  3 dart slugs (D:1)
  7 leopard geckos
  12 orcs
  6 giant cockroaches
  4 goblins (D:1)
  9 hobgoblins (D:1)
  7 jackals (D:3)
  36 kobolds
  A quokka (D:3)
  5 ball pythons (D:2)
  9 bats
  3 goblin skeletons (D:2)
  A hobgoblin skeleton (D:2)
  6 rats
215 creatures vanquished.

Vanquished Creatures (others)
  2 jellies (D:2)
  8 sewer rats (D:2)
  3 leopard geckos (D:2)
  A ball python (D:2)
  3 bats (D:2)
  A kobold (D:2)
  A rat (D:2)
  2 fungi (D:4)
  2 plants (D:4)
  7 withered plants (D:2)
30 creatures vanquished.

Grand Total: 245 creatures vanquished

Notes
Turn   | Place    | Note
-------+----------+-------------------------------------------
     0 | D:1      | Lanoc the Immature Draconian Demigod began the quest for
                  | the Orb.
     0 | D:1      | Reached XP level 1. HP: 20/20 MP: 4/4
   239 | D:1      | Reached XP level 2. HP: 27/27 MP: 6/6
   245 | D:1      | Reached skill level 3 in Fighting
   305 | D:1      | Reached XP level 3. HP: 34/34 MP: 7/7
   638 | D:1      | Reached XP level 4. HP: 39/44 MP: 8/8
   731 | D:2      | Noticed Sigmund
   736 | D:2      | Reached skill level 4 in Fighting
   737 | D:2      | Noticed a big kobold
   811 | D:2      | Killed Sigmund
   811 | D:2      | Reached skill level 5 in Fighting
   811 | D:2      | Reached XP level 5. HP: 44/52 MP: 5/9
   824 | D:2      | Reached XP level 6. HP: 57/61 MP: 3/11
   996 | D:2      | Reached skill level 6 in Fighting
  1131 | D:2      | Your scales start taking on a gory crimson colour.
  1131 | D:2      | Reached XP level 7. HP: 69/69 MP: 10/12
  1131 | D:2      | Gained mutation: Your gory crimson scales grant partial
                  | resistance to hellfire and unholy torment. (rTorm,
                  | rHellfire) [Blood Draconian growth]
  1131 | D:2      | Gained mutation: You are in touch with the powers of death,
                  | curses and the sky. [Blood Draconian growth]
  1218 | D:2      | Reached skill level 5 in Dodging
  1304 | D:2      | Reached skill level 7 in Fighting
  1344 | D:2      | Noticed Purgy
  1353 | D:2      | Reached XP level 8. HP: 76/80 MP: 13/13
  1372 | D:2      | Killed Purgy
  1443 | D:2      | Reached skill level 8 in Fighting
  2289 | D:3      | Reached skill level 9 in Fighting
  2354 | D:3      | Reached XP level 9. HP: 92/92 MP: 14/14
  2625 | D:3      | Reached skill level 10 in Fighting
  2894 | D:4      | Noticed Killmatronix's ghost (novice DEGl)
  3056 | D:4      | Found a staircase to the Ecumenical Temple.
  3094 | D:4      | HP: 2/94 [orc warrior/iceblast (16)]
  3095 | D:4      | Killed from afar by an orc warrior

Levels and vault maps discovered:
D:1:      minmay_arrival_widening_spiral_narrow, layout_basic, first_ration,
          chequers_serial_rivers_small_b
D:2:      wander_river, layout_sewer, uniq_sigmund, uniq_purgy
D:3:      layout_basic
D:4:      layout_gridville, minmay_temple_entry_butterflies, serial_shops, shop,
          gammafunk_ghost_nasty_kobolds, makhleb_heckhound_becter

Skill      XL: |  1  2  3  4  5  6  7  8  9 |
---------------+----------------------------+-----
Fighting       | 3 5 6 7 9 10 | 10.4
Dodging        | 3 4 5 6 7 |  7.6
Long Blades    | |  1.5
Stealth        | |  1.3
Spellcasting   | |  2.6

Action                   |  1- 3 |  4- 6 |  7- 9 || total
-------------------------+-------+-------+-------++-------
Melee: Long sword        |    61 |    54 |   363 ||   478
       Unarmed           |    40 |    47 |    28 ||   115
       Tailslap          |    10 |    18 |    73 ||   101
 Cast: Flame Tongue      |       |    36 |     2 ||    38
 Abil: Breathe Dart      |     1 |     2 |       ||     3
       Breathe Vampiric  |       |       |    32 ||    32
 Stab: Sleeping          |     1 |     1 |     3 ||     5
       Distracted        |       |       |     1 ||     1
  Eat: Chunk             |       |     2 |    14 ||    16
Armor: Skin              |    14 |    13 |   119 ||   146
Dodge: Dodged            |    56 |    81 |   407 ||   544
Block: Buckler           |       |       |   122 ||   122
       Rpst.: Long sword |    12 |    19 |   106 ||   137
       Unarmed           |    14 |    34 |    16 ||    64
